Unix NetHack Version 5.0.0-0 post-release - last build Jul 19 2026 19:10:59 (3aa4ab31751d3886436d94b585a96704892fd477,branch:main).

Game began 2026-07-20 10:39:53, ended 2026-07-20 10:59:27.

Jandor, neutral male human Wizard

       ---------
       |........##           ----------
       |.......| ##          |........|     -------------
       |.>.{...|  #         #.........|    #............|         -------
       -------.-  #         #|........|    #|....Z......|   ######......|
              #   #         #--------.-    #|....`......|         |.....|
              #   #         #       ###  ###--------.----         |(....|
             ##   ###       #       ###  #          #             ----.--
             #      #       #       # ####          #                ##
            ##      #       e       #   ##          #                #
      ------|----   #       @     ------##          #              ###
      |........)|   #------#G     |....|###)###### ##              #
      |![..????(|   #|....|#      |....|#   -----.-.-              #
      |%+!=%[*=!|   #|.{..|#      |.....#   |.......|            ###
      |"!?.?(!+%|   #|.....#      |....|    |.......|          --.-----
      |==%%*/[?/|   #.....|       ------    |......<|          |......|
      -----------    |....|                 |.......|          |......|
                     |....|                 |........##########.......|
                     ------                 ---------          --------

Jandor the Conjurer       St:13 Dx:13 Co:13 In:18 Wi:9 Ch:10  Neutral
Dlvl:4  $:39 HP:0(28) Pw:11(44) AC:9  Xp:5 T:1396 

Latest messages:
 In what direction? 9
 Thwack!!
 In what direction? 9
 Whammm!!
 In what direction? 9
 As you kick the door, it crashes open!
 In what direction? <esc>
 The imp hits!
 You hit the imp.
 The imp hits!
 "Eat slime and die!"
 You hit the imp!
 The imp hits!
 You hit the imp.
 The imp hits!
 You miss the imp.
 The imp hits!
 You miss the imp.
 The imp hits!
 You hit the imp.
 The imp hits!
 In what direction? 2
 The spell hits the imp!
 You kill the imp!
 You see here a scroll labeled YUM YUM.
 B - a scroll labeled YUM YUM.
 In what direction? 6
 The door closes.
 In what direction? 6
 As you kick the door, it crashes open!
 In what direction? 6
 The spell hits the giant ant!
 You kill the giant ant!
 You hit the floating eye!
 You are frozen by the floating eye's gaze!
 The gnome lord thrusts one of his daggers.
 The gnome lord hits!
 The gnome lord thrusts one of his daggers.
 The gnome lord hits!
 The gnome lord thrusts one of his daggers.
 The gnome lord hits!
 The gnome lord thrusts one of his daggers.
 The gnome lord hits!
 The gnome lord thrusts one of his daggers.
 The gnome lord hits!
 The gnome lord thrusts one of his daggers.
 The gnome lord hits!
 You die...
 Do you want your possessions identified? [ynq] (y) n
 Do you want to see your attributes? [ynq] (y) q

Inventory:
 Coins    ('$')
  $ - 39 gold pieces
 Weapons  (')')
  a - a blessed +1 quarterstaff (weapon in hands)
 Armor    ('[')
  b - an uncursed +0 cloak of magic resistance (being worn)
 Comestibles  ('%')
  p - an uncursed cream pie
  u - an uncursed food ration
  s - 2 uncursed lichen corpses
 Scrolls  ('?')
  k - an uncursed scroll of earth
  i - an uncursed scroll of gold detection
  B - a cursed scroll of identify
  j - 2 uncursed scrolls of magic mapping
 Spellbooks  ('+')
  l - a blessed spellbook of force bolt
  m - an uncursed spellbook of healing
 Potions  ('!')
  g - an uncursed potion of extra healing
  f - an uncursed potion of gain energy
  v - an uncursed potion of hallucination
  r - a cursed potion of levitation
  h - an uncursed potion of object detection
  t - an uncursed potion of sleeping
  q - an uncursed potion of water
 Rings    ('=')
  d - an uncursed ring of invisibility
  e - an uncursed ring of teleport control
 Wands    ('/')
  c - a wand of cold (0:3)
 Tools    ('(')
  o - an uncursed blindfold
  n - a magic marker (0:21)

Jandor the Wizard's attributes:

Background:
 You were a Conjurer, a level 5 male human Wizard.
 You were neutral, nominally on a mission for Thoth
 who was opposed by Ptah (lawful) and Anhur (chaotic).
 You were right-handed.
 You were in the Dungeons of Doom, on level 4.
 You entered the dungeon 1396 turns ago.
 You had 318 experience points, 2 more were needed to attain level 6.

Basics:
 You had 0 out of 28 hit points.
 You had 11 out of 44 energy points (spell power).
 Your armor class was 9.
 Your wallet contained 39 zorkmids.
 Autopickup was off.

Final Characteristics:
 Your strength was 13 (limit:18/100).
 Your dexterity was 13 (limit:18).
 Your constitution was 13 (limit:18).
 Your intelligence was 18 (limit:18).
 Your wisdom was 9 (limit:18).
 Your charisma was 10 (limit:18).

Final Status:
 You weren't hungry.
 You were unencumbered.
 You were wielding a quarterstaff.
 You had basic skill with quarterstaff.

Final Attributes:
 You were devoutly aligned.
 You were magic-protected.
 You were warded.
 You are dead.

Miscellaneous:
 You didn't encounter any bones levels.
 Total elapsed playing time was 19 minutes and 33 seconds.

Major events:
 Turn
    1: Jandor the neutral male human Wizard entered the dungeon
  750: attained the rank of Conjurer (level 3)
 1396: killed by a gnome lord, while frozen by a floating eye's gaze

Spells:
 Name                 Level Category     Fail Retention
 force bolt             1   attack         0%  91%-100%
 healing                1   healing        0%  76%-100%

Skills:
 Fighting Skills
   bare handed combat [Unskilled]
   riding             [Unskilled]
 Weapon Skills
   dagger             [Unskilled]
   knife              [Unskilled]
   axe                [Unskilled]
   short sword        [Unskilled]
   club               [Unskilled]
   mace               [Unskilled]
   quarterstaff       [Basic]
   polearms           [Unskilled]
   spear              [Unskilled]
   trident            [Unskilled]
   sling              [Unskilled]
   dart               [Unskilled]
   shuriken           [Unskilled]
 Spellcasting Skills
   attack spells      [Basic]
   healing spells     [Unskilled]
   divination spells  [Unskilled]
   enchantment spells [Basic]
   clerical spells    [Unskilled]
   escape spells      [Unskilled]
   matter spells      [Unskilled]

Voluntary challenges:
 Character rerolling was not enabled.
 You were an atheist.
 You were illiterate.
 You never genocided any monsters.
 You never polymorphed an object.
 You never changed form.
 You used no wishes.
Achievements:
 You entered a shop.
 You attained the rank of Conjurer.

 The Dungeons of Doom: levels 1 to 5
    Level 1:
       Some fountains.
    Level 2:
    Level 4: <- You were here.
       A general store, some fountains.
       Final resting place for
          you, killed by a gnome lord, while frozen by a floating eye's gaze.
    Level 5:


Vanquished creatures:
  a large mimic
  4 small mimics
 an imp
  a pony
  a shrieker
  a giant ant
 an iguana
  a gas spore
  a large kobold
  a gnome zombie
  a gecko
  2 jackals
  2 foxes
  a goblin
  a grid bug
  2 bats
  4 lichens
  a newt
27 creatures vanquished.

No species were genocided or became extinct.

Game over:
                       ----------
                      /          \
                     /    REST    \
                    /      IN      \
                   /     PEACE      \
                  /                  \
                  |      Jandor      |
                  |      39 Au       |
                  |   killed by a    |
                  |    gnome lord    |
                  |                  |
                  |                  |
                  |       2026       |
                 *|     *  *  *      | *
        _________)/\\_//(\/(/\)/\//\/|_)_______

Goodbye Jandor the Wizard...

You died in The Dungeons of Doom on dungeon level 4 with 1508 points,
and 39 pieces of gold, after 1396 moves.
You were level 5 with a maximum of 28 hit points when you died.

